 Dungeon Crawl Stone Soup version 0.23-a0-650-ga4d50d4 (webtiles) character file.

48390 Amnesiac the Eclecticist (level 14, -17/55 HPs)
             Began as a Felid Earth Elementalist on Jan 6, 2019.
             Was the Champion of Vehumet.
             Shot with an arrow by a centaur warrior (23 damage)
             ... on level 15 of the Dungeon.
             The game lasted 01:17:53 (38246 turns).

Amnesiac the Eclecticist (FeEE)                    Turns: 38246, Time: 01:17:53

Health: -17/55     AC:  7    Str:  4    XL:     14   Next: 12%
Magic:  13/45      EV: 18    Int: 21    God:    Vehumet [******]
Gold:   2614       SH:  0    Dex: 17    Spells: 21/48 levels left
                                        Lives:  0   Deaths: 3

rFire    . . .     SeeInvis +   (weapon unavailable)
rCold    + . .     Gourm    .   (shield unavailable)
rNeg     . . .     Faith    +   (armour unavailable)
rPois    .         Spirit   .   (helmet unavailable)
rElec    +         Reflect  .   (cloak unavailable)
rCorr    .         Harm     .   (gloves unavailable)
MR       +....                  (boots unavailable)
Stlth    +++.......             H - amulet of faith
HPRegen  0.18/turn              L - ring of magical power
MPRegen  0.29/turn              y - ring "Fyxzyocats" {rElec MR- AC+4 Slay+6 SInv}

@: quick
A: very small, no armour, no weapons or thrown items, stealth, claws 1, fangs 3,
see invisible, carnivore, speed 1, shaggy fur 3, slow metabolism 1, sharp paws
a: Renounce Religion


You were on level 15 of the Dungeon.
You worshipped Vehumet.
Vehumet was exalted by your worship.
You were completely stuffed.

You visited 5 branches of the dungeon, and saw 25 of its levels.
You also visited: Ossuary and Gauntlet.

You collected 3596 gold pieces.
You spent 982 gold pieces at shops.

Inventory:

Missiles
 g - 216 stones
Jewellery
 t - the ring "Yhiyxadd" {Ice +Fly rN+ Dex+2 Stlth+}
   (You acquired it on level 2 of the Orcish Mines)

   [ring of ice]

   It enhances your ice magic.
   It affects your dexterity (+2).
   It makes you vulnerable to fire.
   It protects you from cold.
   It protects you from negative energy.
   It lets you fly.
   It makes you more stealthy.
 w - the amulet of the Crushed Shrikes {RegenMP Dex+3}
   (You found it in a Gauntlet)

   [amulet of magic regeneration]

   It increases your magic regeneration.
   It affects your dexterity (+3).
 x - an uncursed ring of protection from magic
 y - the ring "Fyxzyocats" (right paw) {rElec MR- AC+4 Slay+6 SInv}
   (You found it on level 12 of the Dungeon)

   [ring of protection]

   It affects your AC (+4).
   It affects your accuracy and damage with ranged weapons and melee attacks
   (+6).
   It insulates you from electricity.
   It affects your resistance to hostile enchantments.
   It lets you see invisible.
 B - an uncursed amulet of the acrobat
 E - an uncursed ring of poison resistance
 H - an amulet of faith (around neck)
 L - a ring of magical power (left paw)
 Q - an uncursed ring of ice {unknown}
Wands
 a - a wand of digging (5)
 q - a wand of polymorph (13)
 r - a wand of flame (26)
 u - a wand of iceblast (5)
 z - a wand of paralysis (11)
 A - a wand of scattershot (5)
 O - a wand of acid (8)
Scrolls
 b - 3 scrolls of fog {!r}
 e - a scroll of silence {!r}
 h - 9 scrolls of remove curse {!r}
 i - 6 scrolls of amnesia {!r}
 p - a scroll of fear {!r}
 v - 2 scrolls of holy word {!r}
 C - 13 scrolls of teleportation {!r}
 F - 3 scrolls of magic mapping {!r}
 J - a scroll of summoning {!r}
 K - 2 scrolls of identify {!r}
Potions
 d - 3 potions of curing {!q}
 f - 3 potions of berserk rage {!q}
 j - 8 potions of might {!q}
 k - a potion of invisibility {!q}
 m - 7 potions of mutation {!q}
 n - 5 potions of cancellation {!q}
 o - 5 potions of haste {!q}
 s - 4 potions of flight {!q}
 D - 4 potions of lignification {!q}
 I - 4 potions of magic {!q}
 M - a potion of resistance {!q}
 P - 2 potions of brilliance {!q}
Miscellaneous
 l - a fan of gales
 G - a phial of floods
 N - a box of beasts
Comestibles
 c - 48 rations
 R - 3 chunks of flesh


   Skills:
 - Level 3.0 Fighting
 - Level 3.0 Dodging
 - Level 3.0 Stealth
 * Level 17.7 Spellcasting
 - Level 1.1 Transmutations
 * Level 17.7 Earth Magic


You had 21 spell levels left.
You knew the following spells:

 Your Spells              Type           Power        Failure   Level  Hunger
a - Stone Arrow           Conj/Erth      ######       1%          3    None
b - Passwall              Tmut/Erth      ######..     1%          2    None
c - Sandblast             Erth           ######       0%          1    None
d - Lee's Rapid Deconstr  Erth           #######...   1%          5    ##.....
e - Petrify               Tmut/Erth      ######..     1%          4    None
f - Summon Butterflies    Summ           ###.....     3%          1    None
s - Conjure Flame         Conj/Fire      ###.....     2%          3    None
v - Blink                 Tloc           N/A          4%          2    None
w - Yara's Violent Unrav  Hex/Tmut       ###.......   17%         5    ##.....
z - Confusing Touch       Hex            ###...       3%          1    None

Your spell library contained the following spells:

 Spells                   Type           Power        Failure   Level  Hunger
 Ozocubu's Refrigeration  Ice            ###.......   71%         6    ####...
 Flame Tongue             Conj/Fire      ###..        1%          1    None
 Magic Dart               Conj           ###.         1%          1    None
 Searing Ray              Conj           ###...       1%          2    None
 Throw Flame              Conj/Fire      ###...       1%          2    None
 Dazzling Spray           Conj/Hex       ###...       2%          3    None
 Inner Flame              Hex/Fire       ###.....     2%          3    None
 Mephitic Cloud           Conj/Pois/Air  ###.....     2%          3    None
 Animate Skeleton         Necr           N/A          3%          1    None
 Apportation              Tloc           ###...       3%          1    None
 Corona                   Hex            ###....      3%          1    None
 Summon Small Mammal      Summ           ###.         3%          1    None
 Call Imp                 Summ           ###.....     4%          2    None
 Ensorcelled Hibernation  Hex/Ice        ###...       4%          2    None
 Slow                     Hex            ###.....     4%          2    None
 Force Lance              Conj/Tloc      ###.....     8%          4    None
 Fulminant Prism          Conj/Hex       ###.......   8%          4    None
 Iskenderun's Mystic Bla  Conj           ###.....     8%          4    None
 Sticky Flame             Conj/Fire      ###.....     8%          4    None
 Throw Icicle             Conj/Ice       ###.....     8%          4    None
 Call Canine Familiar     Summ           ###.....     9%          3    None
 Confuse                  Hex            ###.....     9%          3    None
 Gell's Gravitas          Tloc           ###.......   9%          3    None
 Tukima's Dance           Hex            ###.....     9%          3    None
 Fireball                 Conj/Fire      ###.......   21%         5    ##.....
 Venom Bolt               Conj/Pois      ###.......   21%         5    ##.....
 Summon Ice Beast         Ice/Summ       ###.....     28%         4    None
 Metabolic Englaciation   Hex/Ice        ###.......   63%         5    ##.....
 Summon Mana Viper        Hex/Summ       ###.....     63%         5    ##.....
 Dispersal                Tloc           ###.......   99%         6    ####...
 Spellforged Servitor     Conj/Summ      ###.......   99%         7    ######.
 Summon Hydra             Summ           ###.......   100%        7    ######.
 Controlled Blink         Tloc           N/A          100%        8    #######
 Disjunction              Tloc           ###.......   100%        8    #######
 Portal Projectile        Hex/Tloc       Unusable     N/A         3    N/A

Dungeon Overview and Level Annotations

Branches:
Dungeon (15/15)            Temple (1/1) D:6            Lair (6/6) D:11
 Shoals (0/4) Lair:3       Spider (1/4) Lair:3        Slime (0/5) Lair:5
    Orc (2/2) D:10            Elf (0/3) Orc:2        Vaults (0/5) D:13
 Depths: D:15

Altars:
Ashenzari
Cheibriados
Dithmenos
Elyvilon
Fedhas
Gozag
Hepliaklqana
Kikubaaqudgha
Makhleb
Nemelex Xobeh
Okawaru
Qazlal
Ru
Sif Muna
Trog
Uskayaw
Vehumet
Wu Jian
Xom
Yredelemnul
Zin
The Shining One
Beogh
Jiyva

Shops:
Orc:2 *?([

Portals:
Hell: Lair:6


Innate Abilities, Weirdness & Mutations

You cannot wear armour.
You are incapable of wielding weapons or throwing items.
Your paws allow you to move quietly. (Stealth)
You have sharp claws.
You have razor-sharp teeth.
You have supernaturally acute eyesight. (SInv)
You are carnivorous and can eat meat at any time.
You cover ground quickly.
Your thick and shaggy fur keeps you warm. (AC +3, rC+)
You have a slow metabolism.
Your sharp claws are effective at attacking unaware monsters.


Message History

You scratch the purple ugly thing.
You kill the purple ugly thing!
Vehumet accepts your kill.
You feel your power returning.
A centaur comes into view. x2
The centaur wields a +0 shortbow.
The centaur shoots an arrow.
The arrow closely misses you.
The centaur wields a +0 shortbow.
The centaur shoots an arrow.
The arrow hits you.
You see here 2 scrolls of immolation {!r}.
Casting: Lee's Rapid Deconstruction (safe; 1% risk of failure)
Confirm with . or Enter, or press ? or * to list all spells.
Aiming: Lee's Rapid Deconstruction (safe; 1% risk of failure)
Press: ? - help, Dir - move target cursor A rock wall.
The wall shatters!
The blast of rock fragments hits the brown ugly thing.
The brown ugly thing is lightly wounded.
You hear a shout!
Unknown command.
Casting: Lee's Rapid Deconstruction (safe; 1% risk of failure)
Confirm with . or Enter, or press ? or * to list all spells.
Aiming: Lee's Rapid Deconstruction (safe; 1% risk of failure)
Press: ? - help, Dir - move target cursor A rock wall.
The wall shatters!
The blast of rock fragments hits the brown ugly thing.
The brown ugly thing is heavily wounded.
You hear a shout! x2
A centaur comes into view.
Unknown command.
The centaur wields a +0 shortbow.
The centaur shoots an arrow.
The arrow closely misses you.
Casting: Lee's Rapid Deconstruction (safe; 1% risk of failure)
Confirm with . or Enter, or press ? or * to list all spells.
Aiming: Lee's Rapid Deconstruction (safe; 1% risk of failure)
Press: ? - help, Dir - move target cursor A rock wall.
The wall shatters!
The blast of rock fragments hits the centaur.
You kill the centaur!
Vehumet accepts your kill.
You feel your power returning.
The blast of rock fragments hits the centaur.
You kill the centaur!
Vehumet accepts your kill.
You hear a shout! x2
The centaur shoots an arrow.
The arrow barely misses you.
The brown ugly thing completely misses you.
Unknown command.
A centaur warrior comes into view.
The centaur shoots an arrow.
The arrow misses you.
The brown ugly thing completely misses you.
The centaur warrior wields a +0 shortbow.
The centaur warrior shoots an arrow.
The arrow hits you!!
You see here 2 arrows.
The centaur warrior shoots an arrow.
The arrow hits you!
* * * LOW HITPOINT WARNING * * *
The brown ugly thing engulfs you.
* * * LOW HITPOINT WARNING * * *
You are splashed with acid!
The acid burns!
* * * LOW HITPOINT WARNING * * *
The centaur warrior shoots an arrow.
The arrow hits you!!
You die...

.... .. .. ......
c.....#..# ......
.c#..#... #.#..
###..#......
#....#########............
#.....##..[...###........
##........(@###).........
#.).........u..)........^
##....†.......###.###...
#....<...(...# #.#
#......†.....# #.#
##.........c.###c#
#.....#....###..#
#.#......#.....##
#.##....##....?# #


You could see a brown ugly thing, a centaur warrior and a centaur.

Vanquished Creatures
  An orc warlord (Orc:2)
  The ghost of Borgoz the Warrior, a journeyman MiFi of Ru (Lair:4)
  An entropy weaver (Gauntlet)
  A dire elephant (Lair:5)
  A minotaur (Gauntlet)
  A fire dragon (D:13)
  A great orb of eyes (D:13)
  A hell beast (Lair:6)
  9 hydras
  Erolcha (D:9)
  Erica (D:9)
  A catoblepas (D:14)
  4 centaur warriors
  A death scarab (Gauntlet)
  5 two-headed ogres
  An alligator (Lair:3)
  7 death yaks
  The ghost of Flooderbenga the Cleaver, a novice DDFi of Makhleb (D:9)
  5 skeletal warriors (D:13)
  3 unseen horrors
  An unseen horror (shapeshifter) (D:15)
  A wizard (Lair:6)
  An orc knight (D:13)
  4 orc sorcerers (Orc:2)
  A necromancer (Gauntlet)
  19 ugly things
  2 wolf spiders
  5 oklob plants
  9 deep elf magi (Orc:1)
  3 cyclopes
  6 elephants
  5 black mambas
  Psyche (D:9)
  9 spiny frogs
  A torpor snail (Lair:6)
  3 gargoyles
  4 orange demons (Lair:6)
  A smoke demon (Lair:6)
  A kobold demonologist (D:13)
  5 rime drakes
  A redback zombie (D:10)
  An efreet (D:13)
  An ice devil (Lair:6)
  6 komodo dragons
  5 trolls
  2 tengu conjurers
  A jumping spider (Gauntlet)
  A meliai (D:13)
  Prince Ribbit (D:5)
  3 polar bears
  13 hippogriffs
  Grinder (D:6)
  A hornet (D:15)
  17 blink frogs
  5 slime creatures (D:13)
  A dream sheep (Lair:6)
  A spectral dream sheep (Gauntlet)
  A snapping turtle (Lair:3)
  2 shadows
  Sigmund (D:5)
  2 vampires
  7 wyverns
  6 redbacks (D:12)
  Eustachio (D:4)
  A human (D:8)
  38 yaks
  A hungry ghost (D:9)
  A warg (Orc:2)
  A vampire mosquito (D:12)
  A basilisk (Lair:4)
  2 neqoxecs (D:9)
  Edmund (D:5)
  16 water moccasins
  9 porcupines
  2 acid dragons (D:13)
  A porcupine (shapeshifter) (D:9)
  4 hell hounds (Lair:6)
  36 orc warriors
  4 ice beasts
  A hornet zombie (D:9)
  5 black bears
  4 sky beasts
  5 phantoms
  An eye of draining (D:8)
  9 wolves
  3 necrophages
  9 centaurs
  6 ogres
  16 crocodiles
  2 big kobolds
  17 bullfrogs
  A wyvern zombie (D:14)
  3 water moccasin zombies (Ossuary)
  3 scorpions
  9 killer bees
  23 wights
  A howler monkey (D:7)
  An electric eel (Lair:3)
  9 crimson imps
  A bullfrog zombie (D:9)
  A quasit (D:8)
  6 centaur zombies
  9 hounds
  5 jellies
  32 orc priests
  25 orc wizards
  3 bullfrog skeletons
  Crazy Yiuf (D:4)
  8 centaur skeletons
  Jessica (D:2)
  Natasha (thrice) (D:2)
  An iguana (shapeshifter) (D:9)
  3 iguanas
  12 worker ants
  2 big kobold zombies (Ossuary)
  A hound zombie (D:8)
  2 mummies (Ossuary)
  A worker ant zombie (D:11)
  Robin (D:2)
  A howler monkey skeleton (D:4)
  13 adders
  2 shadow imps
  3 oozes
  An adder skeleton (D:5)
  4 adder zombies (Ossuary)
  6 worms
  2 dart slugs
  8 leopard geckos
  129 orcs
  6 bats
  12 giant cockroaches
  A giant cockroach (shapeshifter) (D:9)
  3 gnoll zombies (Ossuary)
  11 goblins
  8 hobgoblins
  6 jackals
  6 quokkas
  2 ball pythons
  A frilled lizard (D:3)
  2 hobgoblin zombies (Ossuary)
  A jackal skeleton (D:6)
  15 kobolds
  4 kobold zombies (Ossuary)
  3 leopard gecko skeletons
  5 orc zombies (Ossuary)
  15 rats
  4 fungi
  3 plants (Lair:4)
851 creatures vanquished.

Vanquished Creatures (others)
  An orc (Orc:2)
  2 bushes (Lair:4)
  13 fungi
  18 plants
  7 withered plants (Gauntlet)
41 creatures vanquished.

Grand Total: 892 creatures vanquished

Notes
Turn   | Place    | Note
-------+----------+-------------------------------------------
     0 | D:1      | Amnesiac the Felid Earth Elementalist began the quest for
                  | the Orb.
     0 | D:1      | Reached XP level 1. HP: 7/7 MP: 4/4
   440 | D:1      | Reached XP level 2. HP: 11/11 MP: 4/6
   540 | D:2      | Learned a level 2 spell: Passwall
   544 | D:2      | Found a burning altar of Makhleb.
   568 | D:2      | Noticed Jessica
   581 | D:2      | Killed Jessica
   581 | D:2      | Reached XP level 3. HP: 14/14 MP: 3/8
   977 | D:4      | Noticed Eustachio
  1175 | D:5      | Entered Level 5 of the Dungeon
  1185 | D:4      | Reached XP level 4. HP: 18/18 MP: 6/10
  1191 | D:4      | Learned a level 4 spell: Petrify
  1330 | D:4      | Noticed a phantom
  1489 | D:2      | Learned a level 3 spell: Stone Arrow
  1914 | D:4      | Reached XP level 5. HP: 8/21 MP: 0/11
  1987 | D:4      | Noticed an ogre
  2032 | D:4      | Killed a phantom
  2317 | D:4      | Gained mutation: You are covered in thick fur. (AC +2)
                  | [Felid growth]
  2317 | D:4      | Reached XP level 6. HP: 24/24 MP: 8/13
  2536 | D:4      | Reached skill level 5 in Spellcasting
  2536 | D:4      | Reached skill level 5 in Earth Magic
  2552 | D:4      | Learned a level 5 spell: Lee's Rapid Deconstruction
  3537 | D:4      | Found a runed door.
  3541 | D:4      | Noticed Crazy Yiuf
  3545 | D:4      | Killed Crazy Yiuf
  3545 | D:4      | Reached XP level 7. HP: 27/27 MP: 1/15
  3625 | D:4      | Learned a level 1 spell: Confusing Touch
  3757 | D:4      | Killed Eustachio
  4409 | D:6      | Noticed Grinder
  4410 | D:6      | Paralysed by Grinder for 3 turns
  4439 | D:6      | Killed Grinder
  4439 | D:6      | Reached XP level 8. HP: 11/31 MP: 0/18
  4498 | D:6      | Found a sand-covered staircase.
  4506 | Ossuary  | Entered an ossuary
  5727 | D:5      | Noticed Edmund
  6065 | D:5      | Noticed Prince Ribbit
  6069 | D:5      | Killed Prince Ribbit
  6166 | D:5      | Noticed Sigmund
  6171 | D:5      | Killed Sigmund
  6249 | D:5      | Reached XP level 9. HP: 28/34 MP: 5/22
  6358 | D:5      | Killed Edmund
  7571 | D:6      | Found a staircase to the Ecumenical Temple.
  7599 | Temple   | Entered the Ecumenical Temple
  7653 | Temple   | Became a worshipper of Vehumet
  8126 | D:1      | Reached * piety under Vehumet
  8126 | D:1      | Offered knowledge of Sting by Vehumet.
  8579 | D:2      | Noticed Natasha
  8583 | D:2      | Killed Natasha
  8676 | D:2      | Killed Robin
  8770 | D:2      | Noticed Natasha
  8777 | D:2      | Killed Natasha
  8781 | D:2      | Noticed Natasha
  8788 | D:2      | Killed Natasha
  9276 | D:3      | Offered knowledge of Searing Ray by Vehumet.
  9475 | D:6      | Found a shadowy altar of Dithmenos.
  9584 | D:6      | Reached ** piety under Vehumet
 10005 | D:7      | Reached XP level 10. HP: 37/37 MP: 0/24
 11030 | D:8      | Offered knowledge of Throw Flame by Vehumet.
 11123 | D:8      | Learned a level 1 spell: Summon Butterflies
 11131 | D:8      | Reached skill level 10 in Spellcasting
 11131 | D:8      | Reached skill level 10 in Earth Magic
 11366 | D:8      | Identified the +1 ring mail of Honesty {Int+2}
 11367 | D:8      | Reached *** piety under Vehumet
 11892 | D:8      | Learned a level 3 spell: Conjure Flame
 12323 | D:9      | Noticed Erica
 12327 | D:9      | Killed Erica
 12327 | D:9      | Reached skill level 1 in Fighting
 12332 | D:9      | Offered knowledge of Mephitic Cloud by Vehumet.
 12550 | D:9      | Noticed a two-headed ogre
 12553 | D:9      | Killed a two-headed ogre
 12656 | D:9      | Noticed Psyche
 12679 | D:9      | Noticed a two-headed ogre
 12689 | D:9      | Killed a two-headed ogre
 12689 | D:9      | Reached XP level 11. HP: 44/44 MP: 7/27
 12705 | D:9      | Noticed Erolcha
 13037 | D:9      | Reached **** piety under Vehumet
 13232 | D:9      | Killed Erolcha
 13363 | D:9      | Offered knowledge of Fulminant Prism by Vehumet.
 13366 | D:9      | Killed Psyche
 13652 | D:9      | Found a runed gate.
 13652 | D:9      | Noticed a white ugly thing
 13653 | D:9      | Found a runed gate.
 13654 | D:9      | Found a runed gate.
 13654 | D:9      | Noticed a white ugly thing
 13654 | D:9      | Noticed a white ugly thing
 13656 | D:9      | Noticed a brown ugly thing
 13656 | D:9      | Noticed a white ugly thing
 13656 | D:9      | Noticed a white ugly thing
 13828 | D:9      | Killed a red ugly thing
 13868 | D:9      | Killed a red ugly thing
 14091 | D:9      | Killed a white ugly thing
 14207 | D:9      | Found a runed gate.
 14207 | D:9      | Found a runed gate.
 14209 | D:9      | Noticed Flooderbenga's ghost (novice DDFi)
 14211 | D:9      | Found a runed gate.
 14214 | D:9      | Lost strength.
 14277 | D:9      | Killed Flooderbenga's ghost
 14407 | D:9      | Killed a white ugly thing
 14413 | D:9      | Killed a white ugly thing
 14413 | D:9      | Killed a green ugly thing
 14517 | D:10     | Entered Level 10 of the Dungeon
 14517 | D:10     | Noticed a two-headed ogre
 14563 | D:10     | Killed a two-headed ogre
 14770 | D:10     | Found a staircase to the Orcish Mines.
 14855 | D:10     | Found a roughly hewn altar of Beogh.
 15034 | D:10     | Gained mutation: Your thick and shaggy fur keeps you warm.
                  | (AC +3, rC+) [Felid growth]
 15034 | D:10     | Reached XP level 12. HP: 18/48 MP: 10/29
 15170 | D:10     | Reached ***** piety under Vehumet
 15233 | D:10     | Offered knowledge of Spellforged Servitor by Vehumet.
 15845 | D:11     | Noticed a two-headed ogre
 15861 | D:11     | Killed a two-headed ogre
 16287 | D:11     | Found a staircase to the Lair.
 16547 | Lair:1   | Entered Level 1 of the Lair of Beasts
 17583 | Lair:2   | Noticed a five-headed hydra
 17591 | Lair:2   | Killed a five-headed hydra
 17781 | Lair:2   | Learned a level 5 spell: Yara's Violent Unravelling
 18578 | Lair:3   | Noticed a seven-headed hydra
 18781 | Lair:3   | Killed a seven-headed hydra
 19000 | Lair:3   | Found a hole to the Spider Nest.
 19091 | Lair:3   | Found a staircase to the Shoals.
 19204 | Lair:3   | Reached XP level 13. HP: 28/51 MP: 4/31
 20046 | Lair:3   | Offered knowledge of Bolt of Fire by Vehumet.
 20421 | Lair:4   | HP: 2/51 [six-headed hydra (3)]
 20532 | Lair:4   | Found a gate leading to a gauntlet.
 20546 | Lair:4   | Slain by a bullfrog
 20547 | Lair:4   | Reached XP level 12. HP: 0/48 MP: 31/31
 20560 | Gauntlet | Entered a Gauntlet
 20560 | Gauntlet | Found a transporter.
 20573 | Gauntlet | Found a transporter.
 20573 | Gauntlet | Found a transporter.
 20580 | Gauntlet | Found a transporter.
 20595 | Gauntlet | Found a transporter.
 20600 | Gauntlet | Found a transporter.
 20613 | Gauntlet | Noticed a death scarab
 20615 | Gauntlet | Noticed a death scarab
 20617 | Gauntlet | Found a transporter.
 20634 | Gauntlet | Found a transporter.
 20642 | Gauntlet | Noticed a death scarab
 20646 | Gauntlet | Found a transporter.
 20650 | Gauntlet | Noticed a death scarab
 20657 | Gauntlet | Noticed an entropy weaver
 20658 | Gauntlet | Found a transporter.
 20670 | Gauntlet | Found a transporter.
 20670 | Gauntlet | Noticed a cacodemon
 20682 | Gauntlet | Found a transporter.
 20682 | Gauntlet | Noticed a ghost crab
 20699 | Gauntlet | Found a transporter.
 20716 | Gauntlet | Found a transporter.
 20718 | Gauntlet | Found a transporter.
 20719 | Gauntlet | Noticed a death scarab
 20745 | Gauntlet | Found a transporter.
 20823 | Gauntlet | Found a transporter.
 20843 | Gauntlet | Found a transporter.
 21296 | Gauntlet | Killed a death scarab
 21561 | Gauntlet | Killed an entropy weaver
 21564 | Gauntlet | Got a scintillating ivory amulet
 21566 | Gauntlet | Got a faintly glowing iron amulet
 21572 | Gauntlet | Identified the amulet of the Crushed Shrikes {RegenMP
                  | Dex+3} (You found it in a Gauntlet)
 21573 | Gauntlet | Identified the amulet of Bisuocon {Faith rC- Dex+4 SInv}
                  | (You found it in a Gauntlet)
 21683 | Gauntlet | Noticed a minotaur
 21846 | Gauntlet | Killed a minotaur
 22060 | Lair:4   | Noticed a six-headed hydra
 22064 | Lair:4   | Killed a six-headed hydra
 22451 | Lair:4   | Noticed Borgoz's ghost (journeyman MiFi)
 22454 | Lair:4   | Found a runed gate.
 22454 | Lair:4   | Found a runed gate.
 22454 | Lair:4   | Found a runed gate.
 22459 | Lair:4   | Noticed a death yak
 22466 | Lair:4   | Reached skill level 15 in Spellcasting
 22468 | Lair:4   | Reached skill level 15 in Earth Magic
 22479 | Lair:4   | Reached XP level 13. HP: 51/51 MP: 4/33
 23064 | Lair:4   | Found a blossoming altar of Fedhas.
 24077 | Lair:5   | Found a viscous altar of Jiyva.
 24077 | Lair:5   | Found a staircase to the Slime Pits.
 24194 | Lair:5   | Found the +8 trident of the Octopus King {venom, rElec
                  | rPois MR+}
 24902 | Lair:6   | Entered Level 6 of the Lair of Beasts
 24977 | Lair:6   | Offered knowledge of Poison Arrow by Vehumet.
 25298 | Lair:6   | Noticed a dire elephant
 25887 | Lair:6   | Mangled by a death yak
 25888 | Lair:6   | Reached XP level 12. HP: -10/48 MP: 19/32
 26111 | Lair:6   | Noticed a seven-headed hydra
 26118 | Lair:6   | Killed a seven-headed hydra
 26306 | Lair:6   | HP: 2/48 [crocodile (3)]
 26585 | Lair:6   | Noticed a death yak
 26586 | Lair:6   | Noticed a death yak
 26600 | Lair:6   | Killed a death yak
 26620 | Lair:6   | Killed a death yak
 27002 | Lair:6   | Noticed a six-headed hydra
 27014 | Lair:6   | Killed a six-headed hydra
 27168 | Lair:6   | Reached XP level 13. HP: 51/51 MP: 11/33
 27591 | Lair:6   | Found a burning altar of Makhleb.
 27596 | Lair:6   | Found a gateway to Hell.
 28100 | Lair:5   | Killed a dire elephant
 28949 | Orc:1    | Entered Level 1 of the Orcish Mines
 28988 | Orc:1    | Offered knowledge of Bolt of Draining by Vehumet.
 29449 | Orc:2    | Entered Level 2 of the Orcish Mines
 29536 | Orc:2    | Found a staircase to the Elven Halls.
 30207 | Orc:2    | Offered knowledge of Bolt of Cold by Vehumet.
 30453 | Orc:2    | Found a roughly hewn altar of Beogh.
 30962 | Orc:2    | Noticed an orc warlord
 30993 | Orc:2    | Killed an orc warlord
 31155 | Orc:2    | Found a roughly hewn altar of Beogh.
 31713 | Orc:2    | Found a roughly hewn altar of Beogh.
 31713 | Orc:2    | Found Veikluzei's Antique Weapon Shoppe.
 31716 | Orc:2    | Found Sisaic's Antique Armour Emporium.
 31876 | Orc:2    | Found a roughly hewn altar of Beogh.
 31881 | Orc:2    | Found Heroill's Assorted Antiques.
 31886 | Orc:2    | Bought a glowing puce potion for 30 gold pieces
 31916 | Orc:2    | Found a roughly hewn altar of Beogh.
 31967 | Orc:2    | Found a roughly hewn altar of Beogh.
 32033 | Orc:2    | Found a roughly hewn altar of Beogh.
 32105 | Orc:2    | Found Mees Pegri's Magic Scroll Shoppe.
 32110 | Orc:2    | Bought a scroll of acquirement for 832 gold pieces
 32110 | Orc:2    | Bought a scroll of holy word for 120 gold pieces
 32111 | Orc:2    | Got an ancient glass ring
 32113 | Orc:2    | Identified the ring "Yhiyxadd" {Ice +Fly rN+ Dex+2 Stlth+}
                  | (You acquired it on level 2 of the Orcish Mines)
 32334 | Spider:1 | Entered Level 1 of the Spider Nest
 32607 | D:12     | Got a warped iron ring
 32680 | D:12     | Reached XP level 14. HP: 51/55 MP: 20/35
 33097 | D:12     | Offered knowledge of Conjure Ball Lightning by Vehumet.
 34106 | Lair:4   | Learned a level 2 spell: Blink
 34254 | Lair:4   | Killed Borgoz's ghost
 36359 | D:13     | Offered knowledge of Ozocubu's Refrigeration by Vehumet.
 36595 | D:13     | Identified Tayrphas's Guide on Flight and Confrontation
 36994 | D:13     | Found a gate to the Vaults.
 37332 | D:14     | Slain by a white ugly thing
 37333 | D:14     | Reached XP level 13. HP: -2/51 MP: 17/44
 37759 | D:14     | Identified the ring "Fyxzyocats" {rElec MR- AC+4 Slay+6
                  | SInv} (You found it on level 12 of the Dungeon)
 37928 | D:14     | Reached XP level 14. HP: 55/55 MP: 30/36
 38119 | D:15     | Entered Level 15 of the Dungeon
 38226 | D:15     | Reached ****** piety under Vehumet
 38246 | D:15     | Shot with an arrow by a centaur warrior

Vault maps used:
D:1:      dpeg_arrival_boxes_within_box
D:2:      bloody_makhleb, uniq_jessica, uniq_natasha, uniq_robin
D:3:      first_ration, minmay_pentomino_pile
D:4:      uniq_eustachio, uniq_crazy_yiuf_cottage
D:5:      hangedman_abyss_or_decor_slice, uniq_prince_ribbit1, uniq_sigmund,
          uniq_edmund
D:6:      marbit_many_paths, minmay_temple_entry_proselytizer, enter_ossuary_2,
          gup_sewer_entry_bowl, uniq_grinder
D:8:      grunt_pizzeria
D:9:      ploomutoo_gammafunk_ghost_potion_laboratory, uniq_erolcha, uniq_erica,
          uniq_psyche
D:10:     minmay_orc_entry_temple_small, nooodl_food_tri
D:11:     lair_entry_dummy, due_unseen_surprise
D:12:     spider_trap
D:13:     minmay_the_grid_square_5x5_4x4_mashed
D:14:     palyth_stone_intersect
D:15:     hangedman_depths_entry_civil_slaughter
Temple:   grunt_wide_crystal_templ
Lair:3:   minmay_shoals_entry_hut, dummy_spider_entry, nzn_random_ring,
          lemuel_fruit_tree, grunt_megastairs_5
Lair:4:   gammafunk_ghost_split, gauntlet_entry_generic,
          chequers_serial_rivers_micro_e, tgw_fedhas, grunt_megastairs_4,
          minmay_lair_oklob_chamber
Lair:5:   slime_altar_1
Lair:6:   evil_forest, serial_rivers, chequers_serial_rivers_micro_a,
          chequers_serial_rivers_marsh, chequers_serial_rivers_small_3,
          chequers_serial_rivers_small_3
Orc:1:    elves_outpost_lemuel
Orc:2:    grunt_orc_community_town_hall, grunt_orc_community_big_house_2,
          grunt_orc_community_big_house_2, grunt_orc_community_house_1,
          grunt_orc_community_house_1, grunt_orc_community_house_3,
          grunt_orc_community_house_2
Ossuary:  ossuary_tomb_2
Gauntlet: gammafunk_gauntlet_one_two_three

Skill      XL: |  1  2  3  4  5  6  7  8  9 10 11 12 13 14 |
---------------+-------------------------------------------+-----
Spellcasting   | 3 4 5 6 8 9 11 12 15 16 17 | 17.7
Earth Magic    | 3 4 5 6 8 9 11 12 15 16 17 | 17.7
Stealth        | 3 |  3.0
Dodging        | 3 |  3.0
Fighting       | 2 3 |  3.0
Transmutations | |  1.1

Action                   |  1- 3 |  4- 6 |  7- 9 | 10-12 | 13-15 || total
-------------------------+-------+-------+-------+-------+-------++-------
Melee: Unarmed           |    25 |    75 |   136 |    50 |    41 ||   327
       Bite              |     2 |     3 |     5 |     5 |     8 ||    23
 Cast: Sandblast         |    30 |    43 |    37 |    99 |   130 ||   339
       Stone Arrow       |       |    36 |   122 |     1 |   285 ||   444
       Passwall          |       |       |     8 |     2 |     3 ||    13
       Lee's Rapid Decon |       |       |    51 |   337 |   382 ||   770
       Confusing Touch   |       |       |     2 |       |     2 ||     4
       Petrify           |       |       |     1 |    12 |    31 ||    44
       Yara's Violent Un |       |       |       |       |     1 ||     1
       Summon Butterflie |       |       |       |       |     1 ||     1
Evoke: Wand              |       |     3 |     9 |    11 |    27 ||    50
       Phial of floods   |       |       |       |       |     1 ||     1
  Use: Scroll            |       |     1 |    18 |    14 |     9 ||    42
       Potion            |       |     1 |       |     7 |    13 ||    21
 Stab: Sleeping          |     6 |     2 |    13 |       |       ||    21
       Petrified         |       |       |       |    15 |    16 ||    31
       Paralysed         |       |       |       |     5 |       ||     5
       Petrifying        |       |       |       |     4 |       ||     4
  Eat: Chunk             |     7 |     9 |    27 |    74 |    58 ||   175
Armor: Skin              |     1 |     7 |     8 |     6 |    13 ||    35
Dodge: Dodged            |    28 |   110 |   155 |   114 |   162 ||   569

Table legend:
 A = Non-vault XP
 B = Vault XP
 C = Vault XP percentage of total XP
 D = Non-vault monster count
 E = Vault monster count
 F = Vault count percentage of total count
                 A         B        C        D         E       F
            +---------+---------+-------+---------+---------+-------
      Total |   84732 |   62169 |  42.3 |     584 |     260 |  30.8
            +---------+---------+-------+---------+---------+-------
        D:1 |      35 |       0 |   0.0 |      23 |       0 |   0.0
        D:2 |     140 |      98 |  41.2 |      19 |       9 |  32.1
        D:3 |      93 |      66 |  41.5 |      21 |       6 |  22.2
        D:4 |     607 |     238 |  28.2 |      25 |       3 |  10.7
        D:5 |     409 |     672 |  62.2 |      20 |       3 |  13.0
        D:6 |    1552 |     332 |  17.6 |      34 |       7 |  17.1
        D:7 |    1335 |       0 |   0.0 |      27 |       0 |   0.0
        D:8 |    1570 |     196 |  11.1 |      31 |       1 |   3.1
        D:9 |    4266 |    7148 |  62.6 |      38 |      15 |  28.3
       D:10 |    3778 |     902 |  19.3 |      33 |      18 |  35.3
       D:11 |    2804 |     750 |  21.1 |      27 |       1 |   3.6
       D:12 |    5574 |     382 |   6.4 |      23 |       2 |   8.0
       D:13 |    7543 |   11643 |  60.7 |      25 |      30 |  54.5
       D:14 |    8202 |       0 |   0.0 |      27 |       0 |   0.0
       D:15 |    4358 |       0 |   0.0 |      12 |       0 |   0.0
     Lair:1 |    4812 |       0 |   0.0 |      20 |       0 |   0.0
     Lair:2 |    2088 |     143 |   6.4 |       5 |       1 |  16.7
     Lair:3 |    4512 |    4533 |  50.1 |      19 |      12 |  38.7
     Lair:4 |   10868 |    6609 |  37.8 |      40 |      13 |  24.5
     Lair:5 |    2573 |    1239 |  32.5 |      14 |       1 |   6.7
     Lair:6 |   13111 |    9662 |  42.4 |      34 |      25 |  42.4
      Orc:1 |     751 |    5321 |  87.6 |      23 |       9 |  28.1
      Orc:2 |    3751 |    6271 |  62.6 |      44 |      68 |  60.7
    Ossuary |       0 |     325 | 100.0 |       0 |      25 | 100.0
   Gauntlet |       0 |    5639 | 100.0 |       0 |      11 | 100.0
            +---------+---------+-------+---------+---------+-------
